 Dungeon Crawl Stone Soup version 0.28.0-62-gf88900778d (webtiles) character file.

Game seed: 11894579386791736746

92 Froggeryz the Cutter (level 4, 0/33 HPs)
             Began as an Octopode Berserker on Jan 30, 2024.
             Was a Believer of Trog.
             Slain by a ball python (2 damage)
             ... on level 2 of the Dungeon.
             The game lasted 00:01:19 (1480 turns).

Froggeryz the Cutter (Octopode Berserker)           Turns: 1480, Time: 00:01:20

Health: 0/33       AC:  1    Str: 16    XL:     4   Next: 60%
Magic:  4/4        EV: 13    Int:  9    God:    Trog [**....]
Gold:   105        SH:  0    Dex: 13    Spells: 3/3 levels left

rFire   . . .      SeeInvis .   a - +0 short sword
rCold   . . .      Faith    .   (no shield)
rNeg    . . .      Spirit   .   (helmet restricted)
rPois   .          Reflect  .   (no amulet)
rElec   .          Harm     .   (no ring)
rCorr   .          Rampage  .   (no ring)
Will    .....                   (no ring)
Stlth   ++........              (no ring)
HPRegen 0.11/turn               (no ring)
MPRegen 0.09/turn               (no ring)
                                (no ring)
                                (no ring)

@: no status effects
A: almost no armour, amphibious, 8 rings, camouflage 1, gelatinous body 1,
(nimble swimmer 1), tentacles
a: Renounce Religion, Berserk, Trog's Hand


You were on level 2 of the Dungeon.
You worshipped Trog.
Trog was pleased with you.
You visited 1 branch of the dungeon, and saw 3 of its levels.

You collected 105 gold pieces.

Inventory:

Hand Weapons
 a - a +0 short sword (weapon)
Missiles
 d - 3 poisoned darts (quivered)
Scrolls
 b - a scroll of blinking {unknown}
 c - a scroll of noise {unknown}
 e - a scroll of fog {unknown}
 f - a scroll of fear {unknown}
 h - a scroll of summoning {unknown}
Potions
 g - a potion of heal wounds
 i - a potion of brilliance {unknown}


   Skills:
 + Level 3.8 Fighting
 * Level 4.6 Short Blades
 - Level 3.0 Dodging


You had 3 spell levels left.
You didn't know any spells.
Your spell library was empty.

Dungeon Overview and Level Annotations

Branches:
Dungeon (3/15)

Altars:

Annotations:
D:3 Sigmund


Innate Abilities, Weirdness & Mutations

You cannot wear most types of armour.
You are amphibious.
You can wear up to eight rings at the same time.
Your skin changes colour to match your surroundings (Stealth+).
Your rubbery body absorbs attacks. (AC +1, EV +1)
((You are camouflaged when in or above water. (Stealth+)))
You have tentacles for arms and can constrict up to eight enemies at once.


Message History

A ball python comes into view.
Sigmund says, "Your kind have come here before.
I understand now why.
You desire death..."
Sigmund casts a spell at you.
You are confused.
The ball python hisses angrily.
Sigmund hits you from afar with a +6 scythe of venom!
You are poisoned.
You feel very sick.
You feel very sick.
A worm comes into view.
You feel sick.
You feel sick.
You feel sick.
A dart slug comes into view.
You feel less confused.
You feel sick. The worm misses you.
You feel sick.
You feel sick.
Okay, then.
You feel sick.
You feel sick.
You feel sick.
You are no longer poisoned.
The ball python closely misses you. x2
Sigmund casts a spell.
Sigmund flickers and vanishes!
Deactivating autopickup; reactivate with Ctrl-A.
The ball python bites you.
* * * LOW HITPOINT WARNING * * *
The ball python grabs you. The ball python constricts you.
* * * LOW HITPOINT WARNING * * *
There is a stone staircase leading up here.
You escape the ball python's grasp.
You climb upwards.
Reactivating autopickup.
There is a stone staircase leading down here.
You hit the ball python. You grab the ball python.
The ball python is heavily wounded.
You constrict the ball python. The ball python bites you.
You die...

...†#.......#
....#.......#
....#.......#
....#.......#
............#
............#
............#
...##......#######
....+......'...S@#
....#......#.#####
....#......#...#
....#......###.#
....#......# #.#
....#......# #.#
....#......# #.#
...........###.#
.##............#


You could see a ball python.

Vanquished Creatures
  Jessica (D:2)
  4 adders (D:2)
  4 ball pythons
  4 endoplasms
  3 giant cockroaches
  3 goblins
  A hobgoblin (D:1)
  4 kobolds
  A quokka (D:1)
  2 bats (D:1)
  2 frilled lizards
  3 rats
32 creatures vanquished.

Notes
Turn   | Place    | Note
-------+----------+-------------------------------------------
     0 | D:1      | Froggeryz the Octopode Berserker began the quest for the
                  | Orb.
     0 | D:1      | Reached XP level 1. HP: 16/16 MP: 1/1
   203 | D:1      | Reached XP level 2. HP: 21/21 MP: 2/2
   592 | D:1      | Found a faded altar of an unknown god.
   725 | D:2      | Reached XP level 3. HP: 5/26 MP: 3/3
   954 | D:2      | Noticed Jessica
   959 | D:2      | Killed Jessica
   960 | D:2      | Reached skill level 4 in Short Blades
   960 | D:2      | Reached XP level 4. HP: 33/33 MP: 4/4
  1139 | D:2      | Reached ** piety under Trog
  1457 | D:3      | Noticed Sigmund
  1480 | D:2      | Slain by a ball python

Illustrated notes

Levels and vault maps discovered:
D:1:      roderic_chinese_lattice_arrival, layout_rooms,
          shapermc_ecumenical_altar_flowoftime
D:2:      layout_basic, uniq_jessica
D:3:      layout_loops_corners, hangedman_feature_mirror, uniq_ijyb,
          uniq_terence, uniq_robin, uniq_sigmund, uniq_grinder

Skill      XL: |  1  2  3 |
---------------+----------+-----
Short Blades   | 4 |  4.6
Fighting       | |  3.8
Dodging        | |  3.0

Action                   |  1- 3 |  4- 6 || total
-------------------------+-------+-------++-------
Melee: Short sword       |    42 |    17 ||    59
       Constrict         |     8 |     7 ||    15
       Tentacles         |     6 |     2 ||     8
  Use: Potion            |     1 |       ||     1
 Stab: Sleeping          |     6 |     2 ||     8
Dodge: Dodged            |    14 |     8 ||    22
